 Dungeon Crawl Stone Soup version 0.26-a0-661-g406de6ba63 (webtiles) character file.

Game seed: 1155499459121032638

446 HilariousDeathArtist the Skirmisher (level 7, -7/48 HPs)
             Began as a Kobold Abyssal Knight on Oct 8, 2020.
             Was a Believer of Lugonu.
             Mangled by an ogre
             ... wielding a +0 giant club
              (29 damage)
             ... on level 4 of the Dungeon.
             The game lasted 00:08:24 (5640 turns).

HilariousDeathArtist the Skirmisher (KoAK)          Turns: 5640, Time: 00:08:25

Health: -7/48      AC:  3    Str: 10    XL:     7   Next: 24%
Magic:  5/8        EV: 15    Int: 13    God:    Lugonu [**....]
Gold:   230        SH:  0    Dex: 18    Spells: 6/6 levels left

rFire    . . .     SeeInvis +   b - +2 dagger (protect)
rCold    . . .     Faith    .   (shield restricted)
rNeg     . . .     Spirit   .   s - +0 leather armour
rPois    .         Reflect  .   (no helmet)
rElec    .         Harm     .   (no cloak)
rCorr    .         Rampage  .   (no gloves)
MR       .....                  (no boots)
Stlth    +++.......             (no amulet)
HPRegen  0.16/turn              V - ring of see invisible {sInv, !d}
MPRegen  0.11/turn              (no ring)

@: no status effects
A: small, hooves 1, agile 1, nightstalker 3, MP-powered wands
a: Depart the Abyss, Bend Space, Renounce Religion


You were on level 4 of the Dungeon.
You worshipped Lugonu.
Lugonu was pleased with you.
You visited 1 branch of the dungeon, and saw 4 of its levels.
You visited the Abyss 1 time.
You also visited: Sewer.

You collected 230 gold pieces.

Inventory:

Hand Weapons
 a - a +1 short sword
 b - a +2 dagger of protection (weapon)
   (You took it off a kobold in a sewer)
 c - a +0 hand crossbow
   (You found it on level 2 of the Abyss)
Missiles
 d - 7 atropa-tipped darts
 l - 3 throwing nets {=f, !d}
Armour
 s - a +0 leather armour (worn)
 v - a +0 buckler
   (You found it on level 3 of the Dungeon)
Jewellery
 p - an uncursed amulet of inaccuracy
   (You found it on level 2 of the Dungeon)
 V - a ring of see invisible (left hand) {sInv, !d}
   (You found it on level 1 of the Dungeon)
Wands
 f - a wand of digging (3)
   (You found it on level 2 of the Abyss)
Scrolls
 e - 7 scrolls of identify
 h - a scroll of enchant armour
 i - 4 scrolls of teleportation
 j - a scroll of fog
 m - 2 scrolls of enchant weapon {unknown}
 o - a scroll of magic mapping {!r}
 q - a scroll of noise {unknown}
 w - a scroll of blinking {!r}
Potions
 g - 2 potions of curing
 n - a potion of brilliance
 r - 2 potions of heal wounds
 t - a potion of mutation {!q}


   Skills:
 + Level 7.2 Fighting
 - Level 4.1 Short Blades
 - Level 0.7 Armour
 - Level 2.4 Dodging
 + Level 4.2 Stealth
 - Level 2.0 Invocations


You had 6 spell levels left.
You didn't know any spells.
Your spell library contained the following spells:

 Spells                   Type           Power        Failure   Level
 Confusing Touch          Hex            #.......     77%         3
 Gell's Gravitas          Tloc           #.........   77%         3
 Petrify                  Tmut/Erth      #.......     99%         4
 Metabolic Englaciation   Hex/Ice        #.........   100%        5
 Yara's Violent Unravell  Hex/Tmut       #.........   100%        5


Dungeon Overview and Level Annotations

Branches:
Dungeon (4/15)              Sewer (visited)
 Temple: D:4-7

Altars:
Cheibriados
Dithmenos
Trog
Vehumet
Xom
The Shining One

Annotations:
D:3 Dowan, Duvessa, Sigmund
D:4 Blork the orc, Menkaure


Innate Abilities, Weirdness & Mutations

You are small and have problems with some larger weapons.
You are completely attuned to the shadows.
You have large cloven feet.
You are agile. (Dex +2)
You expend magic power (3 MP) to strengthen your wands.


Message History

No target in view!
You see here a leather armour.
A frilled lizard comes into view.
A frilled lizard is nearby!
A frilled lizard is nearby!
Blork the orc comes into view.
He is wielding a +0 halberd.
Unknown command.
There is a stone staircase leading up here.
You see here an adder skeleton.
Found an escape hatch in the ceiling.
You see here a quokka corpse.
You see here a leather armour.
A quokka comes into view.
Unknown command.
A quokka is nearby!
A quokka is nearby!
The quokka misses you.
You hit the quokka.
Your weapon exudes an aura of protection.
The quokka barely misses you.
You miss the quokka. The quokka misses you.
You barely miss the quokka. The quokka misses you.
You hit the quokka.
You kill the quokka!
Lugonu accepts your kill.
No target in view!
No target in view!
No target in view!
An orc comes into view.
An orc is nearby!
You strike the helpless orc from behind!
You puncture the orc!
Your weapon exudes an aura of protection.
You kill the orc!
Lugonu accepts your kill.
No target in view!
No target in view!
No target in view!
No target in view!
No target in view!
No target in view!
No target in view!
No target in view!
g - 2 potions of curing (gained 1)
You now have 230 gold pieces (gained 10).
You see here a +0 ring mail.
An ogre comes into view. It is wielding a +0 giant club.
The ogre shouts!
You hear an angry hiss.
You hit the ogre.
Your weapon exudes an aura of protection.
Your kick misses the ogre. The ogre barely misses you.
You barely miss the ogre. You hit the ogre.
The ogre hits you with a +0 giant club.
You hit the ogre. You kick the ogre, but do no damage.
You take 2 damage, and have 46/48 hp.
You hit the ogre. Your kick misses the ogre. The ogre barely misses you.
You hit the ogre. You kick the ogre, but do no damage.
The ogre hits you with a +0 giant club!
You take 10 damage, and have 36/48 hp.
MASSIVE DAMAGE!!
The frilled lizard barely misses you.
Unknown command.
Okay, then.
Unknown command.
Okay, then.
Okay, then.
Unknown command.
The frilled lizard misses you. The ogre barely misses you.
Found a stone staircase leading down.
Okay, then.
As you read the scroll labeled FUQUOTHR WAMAAL, it crumbles to dust.
You feel as if something is helping you.
It was a scroll of remove curse.
The ogre misses you.
You start removing your amulet.
You continue taking off your amulet of inaccuracy.
The ogre hits you with a +0 giant club!
Keep disrobing? [Y]es or [N]o only, please.
Keep disrobing? [Y]es or [N]o only, please.
Keep disrobing?
You continue taking off your amulet of inaccuracy.
The ogre hits you with a +0 giant club!
You continue taking off your amulet of inaccuracy.
The ogre barely misses you.
The frilled lizard unfolds its giant frill.
You continue taking off your amulet of inaccuracy.
The ogre hits you with a +0 giant club.
You finish taking off your amulet of inaccuracy.
You take 22 damage, and have 20/48 hp.
MASSIVE DAMAGE!!
A jackal comes into view.
A jackal comes into view.
A rock wall.
You feel a surge of power!
The rock shatters into small pieces.
You now have 5/8 mp.
The ogre hits you with a +0 giant club!!
Ouch! That really hurt!
You die...

.. ......# #.....# #.#
......# #.....# ##..#
.h....## #.....# #..#
......# #...#.# #.#
......# #...#.# †.#
#...l## #...#.## .###
#####.## #...#..# ...###
##O## ##..#..# .....####
##@# #..#..# ###.....###
##.# #.....##
####.[..#### ##
#...#..### ###.....###
#........## ###.....####
#.........##
###......####..........#
###.......#...........
###...............o.
####.............[


You could see an ogre and a frilled lizard.

Vanquished Creatures
  A water moccasin (Sewer)
  An eye of draining (Abyss:2)
  Terence (D:2)
  2 worker ants (D:4)
  A hound skeleton (D:4)
  3 gnolls (D:2)
  3 adders
  8 worms
  6 leopard geckos
  3 orcs
  4 giant cockroaches
  7 goblins
  4 hobgoblins
  7 jackals
  10 kobolds
  4 quokkas
  A ball python (D:1)
  7 bats
  3 frilled lizards
  8 rats
84 creatures vanquished.

Notes
Turn   | Place    | Note
-------+----------+-------------------------------------------
     0 | Abyss:1  | HilariousDeathArtist the Kobold Abyssal Knight began the
                  | quest for the Orb.
     0 | Abyss:1  | Reached XP level 1. HP: 14/14 MP: 2/2
     6 | Abyss:1  | Found a corrupted altar of Lugonu.
    87 | Abyss:2  | Found a basalt altar of Yredelemnul.
   101 | Abyss:2  | Noticed a small abomination
   132 | Abyss:2  | Noticed an eye of draining
   163 | Abyss:2  | Killed an eye of draining
   163 | Abyss:2  | Reached skill level 4 in Fighting
   163 | Abyss:2  | Reached skill level 4 in Short Blades
   163 | Abyss:2  | Reached skill level 3 in Stealth
   163 | Abyss:2  | Reached XP level 2. HP: 20/20 MP: 0/3
   163 | Abyss:2  | Reached XP level 3. HP: 24/24 MP: 0/4
   163 | Abyss:2  | Reached XP level 4. HP: 29/29 MP: 0/5
   281 | Abyss:2  | Noticed a tentacled starspawn
   308 | Abyss:2  | Noticed a ynoxinul
   309 | D:1      | Escaped the Abyss
   927 | D:1      | Reached * piety under Lugonu
  1120 | D:1      | Reached XP level 5. HP: 34/34 MP: 6/6
  1646 | D:2      | Noticed Terence
  1658 | D:2      | HP: 3/34 [Terence/+0 flail (6)]
  1706 | D:2      | Killed Terence
  1706 | D:2      | Reached skill level 5 in Fighting
  2208 | D:2      | Found a faded altar of an unknown god.
  2215 | D:2      | Found a radiant altar of Vehumet.
  2215 | D:2      | Found a faded altar of an unknown god.
  2216 | D:2      | Found a bloodstained altar of Trog.
  2221 | D:2      | Found a snail-covered altar of Cheibriados.
  2659 | D:2      | Reached XP level 6. HP: 14/41 MP: 7/7
  2689 | D:3      | Found a shimmering altar of Xom.
  2885 | D:2      | Found a glowing golden altar of the Shining One.
  3248 | D:2      | Reached ** piety under Lugonu
  3302 | D:3      | Found a glowing golden altar of the Shining One.
  3324 | D:3      | Found a glowing drain.
  3357 | Sewer    | Entered a sewer
  3546 | Sewer    | Noticed a water moccasin
  3628 | Sewer    | Killed a water moccasin
  3628 | Sewer    | Reached skill level 6 in Fighting
  4135 | D:3      | Found a shadowy altar of Dithmenos.
  4326 | D:3      | Noticed Sigmund
  4344 | D:4      | Noticed Duvessa
  4344 | D:4      | Noticed Dowan
  4477 | D:4      | Gained mutation: You expend magic power (3 MP) to
                  | strengthen your wands. [potion of mutation]
  4477 | D:4      | Gained mutation: You have large cloven feet. [potion of
                  | mutation]
  4477 | D:4      | Gained mutation: You are agile. (Dex +2) [potion of
                  | mutation]
  4492 | D:4      | Reached XP level 7. HP: 21/47 MP: 8/8
  4500 | D:4      | Reached skill level 7 in Fighting
  4762 | D:4      | Reached skill level 4 in Stealth
  4763 | D:4      | Noticed Menkaure
  5402 | D:4      | Noticed Blork the orc
  5640 | D:4      | Mangled by an ogre

Illustrated notes

Levels and vault maps discovered:
D:1:      eino_arrival_tree_alley, layout_basic, minmay_tiny_reverse_x
D:2:      layout_basic, chequers_temple_overflow_minitemple, tso_metal_star,
          uniq_terence
D:3:      layout_rooms, grunt_temple_overflow_open, portal_sewer_entry_f,
          uniq_sigmund
D:4:      layout_cave_pods, nicolae_gozag_zags_fifth_avenue, uniq_blork_the_orc,
          uniq_duvessa, uniq_edmund, uniq_menkaure

Skill      XL: |  1  2  3  4  5  6  7 |
---------------+----------------------+-----
Fighting       | 4 5 6 7 |  7.2
Short Blades   | 4 |  4.1
Stealth        | 3 4 |  4.2
Armour         | |  0.7
Dodging        | |  2.4
Invocations    | |  2.0

Action                   |  1- 3 |  4- 6 |  7- 9 || total
-------------------------+-------+-------+-------++-------
Melee: Short sword       |    29 |   228 |       ||   257
       Dagger            |       |   101 |    54 ||   155
       Kick              |       |     4 |    17 ||    21
Throw: Dart              |       |     1 |       ||     1
Invok: Depart the Abyss  |       |     1 |       ||     1
Evoke: Wand              |       |       |     1 ||     1
  Use: Potion            |       |     8 |       ||     8
       Scroll            |       |     6 |     1 ||     7
 Stab: Sleeping          |       |    32 |     2 ||    34
       Invisible         |       |     1 |       ||     1
       Distracted        |       |       |     1 ||     1
Armor: Leather armour    |       |    59 |     5 ||    64
Dodge: Dodged            |       |   227 |    38 ||   265

Table legend: (Time is in decaauts)
 A = Elapsed time spent in this place.
 B = Non-inter-level travel time spent in this place.
 C = Inter-level travel time spent in this place.
 D = Time resting spent in this place.
 E = Time spent auto-exploring this place.
 F = Levels seen in this place.
 G = Mean time per level.
                   A        B        C        D        E       F      G
               +--------+--------+--------+--------+--------+-----+--------+
         Total |   5606 |   5426 |    180 |   1860 |   2458 |   7 |  800.9 |
       Dungeon |   4839 |   4659 |    180 |   1677 |   2175 |   4 | 1209.8 |
         Abyss |    307 |    307 |      0 |     46 |     72 |   2 |  153.5 |
         Sewer |    458 |    458 |      0 |    137 |    211 |   1 |  458.0 |
               +--------+--------+--------+--------+--------+-----+--------+

Top non-repeatable levels by time:
     D:2: 2103 daAuts
     D:1: 1117 daAuts
     D:4: 814 daAuts
     D:3: 804 daAuts
   Sewer: 458 daAuts
 Abyss:2: 251 daAuts
 Abyss:1: 56 daAuts

Table legend:
 A = Kills in this place as a percentage of kills in entire the game.
 B = Kills by you in this place as a percentage of kills by you in the entire game.
 C = Kills by friends in this place as a percentage of kills by friends in the entire game.
 D = Other kills in this place as a percentage of other kills in the entire game.
 E = Experience gained in this place as a percentage of experience gained in the entire game.
 F = Experience gained in this place divided by the number of levels of this place that you have seen.
                   A       B       C       D       E      F
               +-------+-------+-------+-------+-------+----------------------
         Total | 100.0 | 100.0 |   N/A |   N/A | 100.0 |  91.1
       Dungeon |  91.7 |  91.7 |   N/A |   N/A |  55.6 |  88.8
         Abyss |   1.2 |   1.2 |   N/A |   N/A |  18.5 |  59.0
         Sewer |   7.1 |   7.1 |   N/A |   N/A |  25.9 | 165.0
               +-------+-------+-------+-------+-------+----------------------
